 Dungeon Crawl Stone Soup version 0.28.0 (webtiles) character file.

Game seed: 5656036057912504354

970 Angani the Skirmisher (level 7, -17/66 HPs)
             Began as a White Draconian Delver on Feb 13, 2022.
             Killed from afar by an acid dragon (35 damage)
             ... with a splash of acid
             ... on level 6 of the Dungeon.
             The game lasted 00:14:13 (7887 turns).

Angani the Skirmisher (White Draconian Delver)      Turns: 7887, Time: 00:14:13

Health: -17/66     AC: -1    Str: 20    XL:     7   Next: 94%
Magic:  12/12      EV: 12    Int: 13    God:
Gold:   51         SH:  0    Dex: 14    Spells: 10/13 levels left

rFire   . . .      SeeInvis .     - Unarmed
rCold   + . .      Faith    .   (no shield)
rNeg    . . .      Spirit   .   (armour unavailable)
rPois   .          Reflect  .   (helmet restricted)
rElec   +          Harm     .   (no cloak)
rCorr   .          Rampage  .   u - +0 pair of gloves
Will    +....                   (no boots)
Stlth   +++.......              s - amulet of Polytheism {RegenMP rElec Will+ Dex-4}
HPRegen 0.21/turn               l - +6 ring of dexterity
MPRegen 0.53/turn               q - +6 ring of strength

@: corroded
A: breathe frost, AC +6, unfitting armour, cold resistance 1, cold-blooded
a: Breathe Frost


You were on level 6 of the Dungeon.
You visited 1 branch of the dungeon, and saw 6 of its levels.

You collected 339 gold pieces.
You spent 288 gold pieces at shops.

Inventory:

Missiles
 m - 2 poisoned darts (quivered)
Armour
 u - a +0 pair of gloves (worn)
Jewellery
 l - a +6 ring of dexterity (left hand)
 q - a +6 ring of strength (right hand)
 s - the amulet of Polytheism (around neck) {RegenMP rElec Will+ Dex-4}
   (You found it on level 4 of the Dungeon)

   [amulet of magic regeneration]

   It increases your rate of magic regeneration.
   Dex:       It affects your dexterity (-4).
   rElec:     It insulates you from electricity.
   Will:      It increases your willpower.
Wands
 e - a wand of digging (3)
Scrolls
 a - 2 scrolls of fog
 b - a scroll of magic mapping
 c - 2 scrolls of fear
 d - a scroll of holy word {unknown}
 g - a scroll of enchant armour {unknown}
 h - a scroll of vulnerability {unknown}
 i - a scroll of torment {unknown}
 k - 3 scrolls of blinking {unknown}
 n - a scroll of summoning {unknown}
 r - a scroll of amnesia
 t - 2 scrolls of teleportation {unknown}
Potions
 f - a potion of brilliance {unknown}
 j - a potion of resistance
 o - 3 potions of attraction
 p - a potion of might


   Skills:
 - Level 7.0 Fighting
 - Level 1.7 Dodging
 - Level 4.5 Stealth
 - Level 6.0 Unarmed Combat
 + Level 3.6 Spellcasting
 + Level 0.0 Ice Magic


You had 10 spell levels left.
You knew the following spells:

 Your Spells              Type           Power      Damage    Failure   Level
a - Ozocubu's Armour      Ice            2%         N/A       54%         3

Your spell library contained the following spells:

 Spells                   Type           Power      Damage    Failure   Level
 Stone Arrow              Conj/Erth      4%         3d7       54%         3
 Ozocubu's Refrigeration  Ice            1%         4d5       100%        7
 Lehudib's Crystal Spear  Conj/Erth      1%         10d2      100%        8
 Animate Armour           Summ/Erth      Unusable   N/A       N/A         4

Dungeon Overview and Level Annotations

Branches:
Dungeon (6/15)
 Temple: D:4-7

Altars:
Fedhas
Gozag
Kikubaaqudgha

Shops:
D:2 (   D:5 :

Annotations:
D:3 2 transporters
D:4 Edmund


Innate Abilities, Weirdness & Mutations

You can breathe waves of freezing cold which knock back foes.
Your icy white scales are hard. (AC +6)
You cannot fit into any form of body armour.
Your flesh is cold resistant. (rC+)
You are cold-blooded and may be slowed by cold attacks.


Message History

You see here a +1 dire flail of protection.
You hit the acid dragon but do no damage.
The acid dragon completely misses you. The acid dragon barely misses you.
You barely miss the acid dragon.
The acid dragon bites you but does no damage.
The acid dragon barely misses you.
You punch the acid dragon!
The acid dragon is moderately wounded.
The acid dragon spits acid at you. The splash of acid hits you!!
The acid corrodes you!
You closely miss the acid dragon.
Your tail-slap misses the acid dragon.
The acid dragon is moderately wounded.
The acid dragon bites you. The acid dragon claws you.
You punch the acid dragon!
Your tail-slap misses the acid dragon.
The acid dragon is heavily wounded.
The acid dragon misses you. The acid dragon barely misses you.
You punch the acid dragon!
The acid dragon is almost dead.
You closely miss the acid dragon.
The acid dragon is almost dead.
The acid dragon bites you! The acid dragon completely misses you.
You closely miss the acid dragon.
The acid dragon is almost dead.
The acid dragon bites you. The acid dragon claws you.
You hit the acid dragon but do no damage.
The acid dragon is almost dead.
The acid dragon spits acid at you. The splash of acid hits you!
* * * LOW HITPOINT WARNING * * *
The acid corrodes you!
You closely miss the acid dragon.
Your tail-slap misses the acid dragon.
The acid dragon is almost dead.
The acid dragon bites you.
* * * LOW HITPOINT WARNING * * *
The acid dragon barely misses you.
You feel better. The acid dragon spits acid at you.
The splash of acid hits you!!
Ouch! That really hurt!
You die...

######### .
#........
..(.####........
.......D........
.....###@.......
.(D #..........
. #.#........
#.#........
#.#........
######.#........
#...<#.##+#.....
#.#..#.# #####
#.####.#


You could see an acid dragon (catching breath).

Vanquished Creatures
  Duvessa (D:5)
  A kobold brigand (D:4)
  A scorpion (D:5)
  Dowan (D:5)
  A howler monkey (D:4)
  4 hounds
  An orc priest (D:4)
  A gnoll shaman (D:5)
  A bullfrog skeleton (D:4)
  An orc wizard (D:4)
  A killer bee zombie (D:5)
  2 hound skeletons (D:5)
  22 gnolls
  6 adders
  An ufetubus (D:4)
  2 worms
  A dart slug (D:2)
  8 orcs
  4 ball pythons
  4 endoplasms
  3 giant cockroaches
  11 hobgoblins
  2 quokkas
  2 bats
  3 frilled lizards
  3 goblins
  31 kobolds
  A quokka skeleton (D:4)
  2 rats (D:1)
122 creatures vanquished.

Notes
Turn   | Place    | Note
-------+----------+-------------------------------------------
     0 | D:5      | Angani the Draconian Delver began the quest for the Orb.
     0 | D:5      | Reached XP level 1. HP: 19/19 MP: 1/1
    88 | D:5      | Reached XP level 2. HP: 15/27 MP: 2/2
   503 | D:2      | Reached skill level 4 in Fighting
   503 | D:2      | Reached XP level 3. HP: 18/33 MP: 3/3
   727 | D:2      | Found Muytil's Weapon Shop.
  2211 | D:2      | Found a faded altar of an unknown god.
  2576 | D:3      | Found a transporter.
  2594 | D:3      | Reached XP level 4. HP: 28/41 MP: 4/4
  2784 | D:3      | Found a transporter.
  3034 | D:3      | Found an ancient bone altar of Kikubaaqudgha.
  3034 | D:3      | Found a blossoming altar of Fedhas.
  3542 | D:4      | Reached skill level 5 in Fighting
  3542 | D:4      | Reached XP level 5. HP: 32/48 MP: 5/5
  3838 | D:4      | Found an opulent altar of Gozag.
  3888 | D:4      | Noticed Edmund
  4690 | D:4      | Reached XP level 6. HP: 28/57 MP: 6/6
  4876 | D:4      | Identified the amulet of Polytheism {RegenMP rElec Will+
                  | Dex-4}
  5120 | D:4      | Reached skill level 6 in Fighting
  5120 | D:4      | Reached skill level 5 in Unarmed Combat
  6133 | D:4      | Your scales start taking on an icy white colour.
  6133 | D:4      | Reached XP level 7. HP: 61/64 MP: 7/7
  6133 | D:4      | Gained mutation: Your flesh is cold resistant. (rC+) [White
                  | Draconian growth]
  6708 | D:5      | Noticed Dowan
  6728 | D:5      | Reached skill level 7 in Fighting
  6728 | D:5      | Noticed Duvessa
  7040 | D:5      | Identified the +1 ring mail "Cuin" {rPois Int+2 Dex-4 SInv}
  7186 | D:5      | Reached skill level 1 in Spellcasting
  7436 | D:5      | Killed Duvessa
  7454 | D:5      | Killed Dowan
  7824 | D:5      | Bought Ozocubu's Autobiography for 288 gold pieces
  7828 | D:5      | Learned a level 3 spell: Ozocubu's Armour
  7887 | D:6      | Killed from afar by an acid dragon

Illustrated notes

Levels and vault maps discovered:
D:1:      amcnicky_arrival_gap_in_the_tavern_cellar, layout_basic,
          minmay_fountain_box, minivault_5
D:2:      layout_basic, ebering_ecumenical_altar_petrified, serial_shops, shop
D:3:      gammafunk_steamed_eel, layout_basic,
          grunt_temple_overflow_growth_and_decay
D:4:      minmay_goblin_kobold_castle, layout_cave_pools,
          nicolae_overflow_crystal_walls, minmay_misc_feat_rows,
          minmay_small_thing, uniq_edmund
D:5:      lemuel_ice_spiral_2, layout_basic, serial_shops, shop, uniq_duvessa
D:6:      layout_basic, minmay_misc_feat_nine_boxes

Skill      XL: |  1  2  3  4  5  6  7 |
---------------+----------------------+-----
Fighting       | 4 5 6 7 |  7.0
Unarmed Combat | 3 4 5 6 |  6.0
Spellcasting   | 3 |  3.6
Dodging        | |  1.7
Stealth        | |  4.5

Action                   |  1- 3 |  4- 6 |  7- 9 || total
-------------------------+-------+-------+-------++-------
Melee: Unarmed           |   154 |   264 |    94 ||   512
       Tailslap          |    21 |    36 |    13 ||    70
       Punch             |     3 |     9 |     1 ||    13
Throw: Dart              |     9 |    11 |    15 ||    35
 Abil: Breathe Frost     |       |       |     5 ||     5
  Use: Potion            |     1 |       |     3 ||     4
       Scroll            |       |       |     6 ||     6
 Stab: Sleeping          |     7 |     5 |     2 ||    14
       Distracted        |     1 |     1 |       ||     2
Armor: Skin              |    38 |    80 |    20 ||   138
Dodge: Dodged            |    74 |   150 |    57 ||   281
